 Dungeon Crawl Stone Soup version 0.29.1-1-gd02db6906a (webtiles) character file.

Game seed: 12244416410647158281

291 sanboga the Shield-Bearer (level 6, -5/39 HPs)
             Began as a Gargoyle Fighter on Sept 23, 2022.
             Slain by a shadow wraith (13 damage)
             ... created by the anger of Yredelemnul
             ... on level 4 of the Dungeon.
             The game lasted 00:09:42 (4624 turns).

sanboga the Shield-Bearer (Gargoyle Fighter)        Turns: 4624, Time: 00:09:43

Health: -5/39      AC: 17    Str: 22    XL:     6   Next: 32%
Magic:  15/15      EV:  9    Int:  8    God:
Gold:   135        SH:  0    Dex:  9    Spells: 5/5 levels left

rFire   . . .      SeeInvis .   a - +0 war axe
rCold   x x .      Faith    .   c - +0 buckler
rNeg    + . .      Spirit   .   b - +0 scale mail
rPois   ∞          Reflect  .   m - +0 helmet
rElec   +          Harm     .   (no cloak)
rCorr   .          Rampage  .   e - +0 pair of gloves
Will    .....                   (no boots)
Stlth   ..........              (no amulet)
HPRegen 0.13/turn               l - ring of magical power
MPRegen 0.14/turn               d - +4 ring of protection

@: confused, slowed, very slow
A: sickness immunity, AC +4, negative energy resistance 1, electricity
resistance, torment resistance 1, petrification resistance, [cold vulnerability
2]
a: no special abilities


You were on level 4 of the Dungeon.
You visited 2 branches of the dungeon, and saw 5 of its levels.

You collected 231 gold pieces.
You donated 23 gold pieces to Zin.
You paid 73 gold pieces to Gozag.

Inventory:

Hand Weapons
 a - a +0 war axe (weapon)
Armour
 b - a +0 scale mail (worn)
 c - a +0 buckler (worn)
 e - a +0 pair of gloves (worn)
 m - a +0 helmet (worn)
Jewellery
 d - a +4 ring of protection (right hand)
 l - a ring of magical power (left hand)
Scrolls
 f - 2 scrolls of teleportation {unknown}
 g - 2 scrolls of identify
 h - 2 scrolls of poison {unknown}
 o - a scroll of fear {unknown}
 p - a scroll of butterflies {unknown}
 r - a scroll of torment {unknown}
Potions
 i - a potion of brilliance {unknown}
 j - 2 potions of heal wounds
 k - 2 potions of degeneration {unknown}
 n - a potion of curing {unknown}
 q - a potion of mutation {unknown}


   Skills:
 + Level 4.4(2.2) Fighting
 * Level 3.9(1.9) Axes
 + Level 4.4(2.2) Armour
 + Level 4.5(2.2) Shields


You had 5 spell levels left.
You didn't know any spells.
Your spell library contained the following spells:

 Spells                   Type           Power      Damage    Failure   Level
 Blink                    Tloc           0%         N/A       93%         2
 Lesser Beckoning         Tloc           0%         N/A       99%         3
 Portal Projectile        Hex/Tloc       0%         N/A       99%         3
 Tukima's Dance           Hex            0%         N/A       99%         3
 Blade Hands              Tmut           0%         N/A       100%        5
 Manifold Assault         Tloc           0%         N/A       100%        5


Dungeon Overview and Level Annotations

Branches:
Dungeon (4/15)             Temple (1/1) D:4

Altars:
Ashenzari
Cheibriados
Dithmenos
Elyvilon
Fedhas
Gozag
Hepliaklqana
Makhleb
Okawaru
Qazlal
Ru
Uskayaw
Vehumet
Wu Jian
Yredelemnul
Zin
The Shining One


Innate Abilities, Weirdness & Mutations

You are immune to sickness and miasma.
Your stone body is resilient. (AC +4)
You are immune to poison.
You resist negative energy. (rN+)
You are resistant to electric shocks. (rElec)
You are resistant to unholy torment.
You are immune to petrification.
[You are very vulnerable to cold. (rC--)]


Message History

Are you sure?
You have lost your religion!
Dithmenos does not appreciate desertion!
Makhleb rains destruction down upon you!
The puff of flame hits you but does no damage.
There is a radiant altar of Vehumet here.
You kneel at the altar of Vehumet.
Vehumet welcomes you!
Really renounce your faith, foregoing its fabulous benefits?
Are you sure?
You have lost your religion!
Vehumet does not appreciate desertion!
There is an opulent altar of Gozag here.
You kneel at the altar of Gozag.
Gozag welcomes you!
You pay a service fee of 73 gold.
Really renounce your faith, foregoing its fabulous benefits?
Are you sure?
You have lost your religion!
Gozag does not appreciate desertion!
Fedhas invokes nature against you. The bolt of acid hits you.
There is a staircase back to the Dungeon here.
You climb upwards.
Welcome back to the Dungeon!
There is a staircase to the Ecumenical Temple here.
HP restored.
Yredelemnul sends a servant to punish you.
The divine experience confuses you!
You are confused.
You bump into the rock wall.
Deactivating autopickup; reactivate with Ctrl-A.
You hit something but do no damage. Something hits you.
Something drains your vigour!
You feel yourself slow down. Something hits you!
Something hits you but does no damage.
You closely miss something. Something hits you!
* * * LOW HITPOINT WARNING * * *
Something drains your vigour!
You feel as though you will be slow longer.
Something hits you!
You die...

#### #.# #..##
##.# #.# #.#.##
##.##
#.###)##.###..#
####.##...##.#.#.#
#.........###.##.#
#.##.##...# #.##.#
#.# #.##.###)##
#.##.# #.# #.##.#
#.## #.##(#### #.#
#....# #{@#
#.##....# #.#
#.#### ##>#
#.....# #.# #..#
### #####.# #.#
#.<# #.# ##
#.###..###### #.#
.###............
#.#
.....###..#####.
.>. .###.# #..#
#.# ## #.# #..#
#.#


There were no monsters in sight!

Vanquished Creatures
  An orc priest (D:4)
  Robin (D:2)
  4 adders (D:2)
  9 gnolls
  An ufetubus (D:4)
  A worm (D:3)
  A dart slug (D:1)
  8 orcs (D:3)
  6 ball pythons
  6 bats
  8 endoplasms
  2 giant cockroaches
  14 goblins
  11 hobgoblins
  7 jackals
  4 quokkas
  3 frilled lizards (D:3)
  9 kobolds
  8 rats
  A spectral goblin (D:3)
105 creatures vanquished.

Notes
Turn   | Place    | Note
-------+----------+-------------------------------------------
     0 | D:1      | sanboga the Gargoyle Fighter began the quest for the Orb.
     0 | D:1      | Reached XP level 1. HP: 14/14 MP: 1/1
   172 | D:1      | Reached XP level 2. HP: 19/19 MP: 2/2
   821 | D:1      | Reached XP level 3. HP: 10/23 MP: 3/3
  1208 | D:1      | Found a faded altar of an unknown god.
  1209 | D:1      | Noticed a great orb of eyes
  1220 | D:1      | Noticed a great orb of eyes
  1224 | D:1      | Noticed a great orb of eyes
  1224 | D:1      | Noticed a great orb of eyes
  1332 | D:1      | Prayed at the altar of an unknown god.
  1332 | D:1      | Became a worshipper of Uskayaw the Reveller
  1332 | D:1      | Reached * piety under Uskayaw
  1402 | D:2      | Noticed Robin
  1405 | D:2      | Reached ** piety under Uskayaw
  1411 | D:2      | Reached *** piety under Uskayaw
  1421 | D:2      | Reached **** piety under Uskayaw
  1424 | D:2      | Killed Robin
  1425 | D:2      | Reached XP level 4. HP: 3/29 MP: 4/4
  2032 | D:2      | Reached XP level 5. HP: 7/33 MP: 5/5
  3070 | D:3      | Reached XP level 6. HP: 36/38 MP: 6/6
  3761 | D:3      | Found a hazy altar of Hepliaklqana.
  3857 | D:3      | Found an ornate altar of the Wu Jian Council.
  3964 | D:3      | Fell from the grace of Uskayaw
  4301 | D:4      | Found a staircase to the Ecumenical Temple.
  4418 | Temple   | Entered the Ecumenical Temple
  4427 | Temple   | Became a worshipper of Ashenzari the Shackled
  4428 | Temple   | Fell from the grace of Ashenzari
  4437 | Temple   | Became a worshipper of Zin the Law-Giver
  4437 | Temple   | Reached * piety under Zin
  4438 | Temple   | Fell from the grace of Zin
  4445 | Temple   | Became a worshipper of Qazlal Stormbringer
  4446 | Temple   | Fell from the grace of Qazlal
  4491 | Temple   | Became a worshipper of Fedhas Madash
  4492 | Temple   | Fell from the grace of Fedhas
  4499 | Temple   | Became a worshipper of Ru the Awakened
  4500 | Temple   | Fell from the grace of Ru
  4507 | Temple   | Became a worshipper of Cheibriados the Contemplative
  4508 | Temple   | Fell from the grace of Cheibriados
  4517 | Temple   | Became a worshipper of Warmaster Okawaru
  4518 | Temple   | Fell from the grace of Okawaru
  4535 | Temple   | Became a worshipper of Yredelemnul the Dark
  4536 | Temple   | Fell from the grace of Yredelemnul
  4543 | Temple   | Became a worshipper of Elyvilon the Healer
  4544 | Temple   | Fell from the grace of Elyvilon
  4553 | Temple   | Became a worshipper of Makhleb the Destroyer
  4554 | Temple   | Fell from the grace of Makhleb
  4563 | Temple   | Became a worshipper of the Shining One
  4564 | Temple   | Fell from the grace of the Shining One
  4573 | Temple   | Became a worshipper of Dithmenos the Shadowed
  4574 | Temple   | Fell from the grace of Dithmenos
  4583 | Temple   | Became a worshipper of Vehumet
  4584 | Temple   | Fell from the grace of Vehumet
  4591 | Temple   | Became a worshipper of Gozag Ym Sagoz the Greedy
  4592 | Temple   | Fell from the grace of Gozag
  4624 | D:4      | Slain by a shadow wraith

Illustrated notes

Levels and vault maps discovered:
D:1:      lemuel_arrival_rhombus, layout_rooms,
          hellmonk_ecumenical_altar_watching_god, minmay_split_cup_small
D:2:      kennysheep_six_static_rooms, layout_loops_ring, uniq_robin
D:3:      layout_basic, lemuel_crystal_altar,
          nicolae_hepliaklqana_monster_ancestors, roderic_roman_lattice,
          minmay_misc_feat_four_crosses
D:4:      layout_loops_ring, nicolae_uskayaw_dance_hall,
          minmay_temple_entry_proselytizer, nrook_loot_triangle
Temple:   nicolae_temple_superstar

Skill      XL: |  1  2  3  4 |
---------------+-------------+-----
Axes           | 2 3 |  3.9
Armour         | 4 |  4.4
Fighting       | 4 |  4.4
Shields        | 4 |  4.5

Action                   |  1- 3 |  4- 6 || total
-------------------------+-------+-------++-------
Melee: War axe           |   117 |   203 ||   320
Invok: Renounce Religion |       |    15 ||    15
  Use: Potion            |       |     2 ||     2
       Scroll            |       |     1 ||     1
 Stab: Paralysed         |     2 |     1 ||     3
Armor: Scale mail        |    73 |   151 ||   224
Dodge: Dodged            |    68 |   111 ||   179
Block: Buckler           |    27 |    50 ||    77
